[Event "Early-Titled-Tuesday-Blitz-January-16-2024"]
[Site "Chess.com"]
[Date "2024.01.16"]
[Round "1"]
[White "Sychev_Klementy"]
[Black "Juicy_Fork"]
[Result "1-0"]
[WhiteElo "2785"]
[BlackElo "2421"]
[TimeControl "180+1"]
[EndTime "8:06:32 PST"]
[Termination "Sychev_Klementy won by checkmate"]

1. e4 e5 2. Nc3 Nf6 3. f4 d5 4. fxe5 Nxe4 5. Qf3 f5 6. d3 Nxc3 7. bxc3 d4 8. Qg3 Nc6 9. Be2 Qe7 10. Nf3 dxc3 11.
O-O Be6 12. Kh1 h6 13. Nh4 Qf7 14. Ng6 Rg8 15. Bh5 O-O-O 16. Nf4 Qd7 17. Bg6 Kb8 18. Nxe6 Qxe6 19. Bxf5 Qxe5 20. Bf4 Qa5 21. Rab1 Bd6 22. Be4 Qa4 23. Bxd6 Rxd6 24. h3 g5 25. Qf3 a6 26.
Qf7 Rgd8 27. Rb3 b6 28. Rxc3 Nd4 29. Qxc7# 1-0

[Event "Early-Titled-Tuesday-Blitz-January-16-2024"]
[Site "Chess.com"]
[Date "2024.01.16"]
[Round "1"]
[White "Shivananda1964"]
[Black "CrushingKings"]
[Result "1-0"]
[WhiteElo "2369"]
[BlackElo "2661"]
[TimeControl "180+1"]
[EndTime "8:06:33 PST"]
[Termination "Shivananda1964 won by resignation"]

1. e4 g6 2. d4 Bg7 3. Nc3 c6 4. Bc4 d5 5. exd5 b5 6. Bd3 b4 7. Nce2 cxd5 8. a3 bxa3 9. Rxa3 Nf6 10. Nf3 O-O 11. O-O Nc6 12. c3 Qb6 13. h3 a5 14. b4 Ba6 15. b5 Bxb5 16. Rb3 Na7 17. Ba3 Qa6 18. Bxb5 Nxb5 19. Bxe7 Rfe8 20. Bxf6 Bxf6 21.
Nf4 a4 22. Rb2 Nxc3 23. Qc1 a3 24. Rc2 Ne2+ 25. Nxe2 Rxe2 26. Rxe2 Qxe2 27. Qc6 Qe6 28. Qxa8+ 1-0

[Event "Early-Titled-Tuesday-Blitz-January-16-2024"]
[Site "Chess.com"]
[Date "2024.01.16"]
[Round "1"]
[White "FlemingA"]
[Black "forevery0ung"]
[Result "0-1"]
[WhiteElo "2448"]
[BlackElo "2825"]
[TimeControl "180+1"]
[EndTime "8:06:34 PST"]
[Termination "forevery0ung won by resignation"]

1. e4 c6 2. d4 d5 3. e5 c5 4. dxc5 e6 5. Qg4 Nd7 6. Nf3 Ne7 7.
Bd3 Nc6 8. Qg3 Nxc5 9. O-O Nxd3 10. cxd3 Bd7 11. Nc3 Qb6 12. Qf4 Be7 13. h4 f6 14.
Re1 O-O 15. exf6 Bxf6 16. Qg3 Nb4 17. Re2 Nxd3 18. Bg5 Kh8 19. Bxf6 Rxf6 20. Rd1 Nf4 21. Red2 Raf8 22. Ne5 Be8 23. Qe3 Qc7 24. Rd4 Rf5 25. Re1 Qd8 26. Qg3 Qf6 27. Nf3 Nxg2 28. Qxg2 Rxf3 29. Rd2 Bc6 0-1

[Event "Early-Titled-Tuesday-Blitz-January-16-2024"]
[Site "Chess.com"]
[Date "2024.01.16"]
[Round "1"]
[White "Zampronha1971"]
[Black "DamianoLew95"]
[Result "0-1"]
[WhiteElo "2331"]
[BlackElo "2666"]
[TimeControl "180+1"]
[EndTime "8:06:34 PST"]
[Termination "DamianoLew95 won on time"]

1. e4 c5 2. Nf3 d6 3. d4 cxd4 4. Nxd4 Nf6 5. Nc3 a6 6. Bg5 Nbd7 7. f4 h6 8. Bxf6 Nxf6 9. Qd2 e5 10. Nf5 Nxe4 11. Nxg7+ Bxg7 12. Nxe4 d5 13. O-O-O Be6 14.
Nc5 O-O 15. fxe5 Rc8 16. Nxe6 fxe6 17. Bd3 Bxe5 18. Kb1 Qb6 19. b3 Kg7 20. Be2 Qc5 21. Bg4 Rf2 22. Qd3 Rxc2 23. Rd2 Rc1+ 0-1

[Event "Early-Titled-Tuesday-Blitz-January-16-2024"]
[Site "Chess.com"]
[Date "2024.01.16"]
[Round "1"]
[White "Schattman"]
[Black "ContrVersia"]
[Result "0-1"]
[WhiteElo "2454"]
[BlackElo "2840"]
[TimeControl "180+1"]
[EndTime "8:06:35 PST"]
[Termination "ContrVersia won by resignation"]

1. d4 Nf6 2. Nf3 c5 3. d5 b5 4. e4 Nxe4 5. Bd3 Qa5+ 6. c3 Nf6 7. O-O Bb7 8. c4 bxc4 9. Bxc4 e6 10. dxe6 fxe6 11.
Ng5 Be7 12. Bxe6 dxe6 13. Nxe6 g6 14. Bf4 Nbd7 15. Nc3 Qb6 16. Re1 h6 17. Nb5 Kf7 18. Bd6 Qxb5 19. Bxe7 Rhe8 20. Bxf6 Nxf6 21. Nf4 Rad8 22.
Qc2 Be4 23. Qc3 g5 24. Nh3 Qb4 25. Qg3 Bg6 26. Rxe8 Rxe8 27. Rf1 Qd4 28. Qc7+ Re7 29. Qd8 Qxd8 0-1

[Event "Early-Titled-Tuesday-Blitz-January-16-2024"]
[Site "Chess.com"]
[Date "2024.01.16"]
[Round "1"]
[White "Willi_Skibbe"]
[Black "enriquetejedor"]
[Result "0-1"]
[WhiteElo "2398"]
[BlackElo "2732"]
[TimeControl "180+1"]
[EndTime "8:06:37 PST"]
[Termination "enriquetejedor won by resignation"]

1. d4 d6 2. e4 Nf6 3. Bd3 Nc6 4. c3 e5 5. Ne2 d5 6. dxe5 dxe4 7. exf6 exd3 8. fxg7 Bxg7 9. Nf4 Qe7+ 10. Be3 Bf5 11. O-O O-O-O 12. Nd2 h5 13. Re1 Qd6 14.
Nc4 Qd7 15. Qa4 a6 16. Na5 Nxa5 17. Qxa5 Qb5 18. Qxb5 axb5 19. Rad1 b4 20. cxb4 Bxb2 21.
Bc5 b6 22. Be7 Rd7 23. b5 f6 24. Bb4 Be5 25. Bd2 h4 26. g3 hxg3 27. hxg3 Rdh7 28. Kg2 Bg4 29. Rh1 Rxh1 30. Rxh1 Bf3+ 31. Kxf3 Rxh1 32. Ke3 Bxf4+ 33. Kxf4 Ra1 34. Ke4 Rxa2 35. Kxd3 Rb2 36. Bc3 Rxf2 37. Ke4 f5+ 38. Kd5 Rf3 39. Be5 Kd7 40.
Bf4 Rb3 41. Kc4 Rf3 42. Kd5 Rc3 43. Be5 Rc5+ 44. Kd4 Rxb5 45. Bf4 c6 0-1

[Event "Early-Titled-Tuesday-Blitz-January-16-2024"]
[Site "Chess.com"]
[Date "2024.01.16"]
[Round "1"]
[White "szachmistrz2500"]
[Black "Iball95"]
[Result "0-1"]
[WhiteElo "2400"]
[BlackElo "2738"]
[TimeControl "180+1"]
[EndTime "8:06:38 PST"]
[Termination "Iball95 won on time"]

1. f3 e5 2. Nh3 d5 3. Nf2 Nf6 4. e3 Nc6 5. b3 Bc5 6. Bb2 O-O 7.
Bb5 Re8 8. O-O a6 9. Bxc6 bxc6 10. d4 exd4 11. exd4 Bd6 12. Nc3 Nh5 13. Nd3 Qh4 14. f4 Nxf4 15. Ne5 Bxe5 16. dxe5 d4 17. g3 Nh3+ 18. Kg2 Qd8 19. Qf3 Ng5 20. Qxc6 Bh3+ 21. Kg1 Bxf1 22. Rxf1 dxc3 23. Bxc3 Qe7 0-1

[Event "Early-Titled-Tuesday-Blitz-January-16-2024"]
[Site "Chess.com"]
[Date "2024.01.16"]
[Round "1"]
[White "Vesper2018"]
[Black "shirovin"]
[Result "1-0"]
[WhiteElo "2559"]
[BlackElo "1987"]
[TimeControl "180+1"]
[EndTime "8:06:39 PST"]
[Termination "Vesper2018 won on time"]

1. e4 c5 2. Nc3 d6 3. Nge2 Nf6 4. d4 cxd4 5. Nxd4 a6 6. Nb3 e6 7. g4 h6 8. Bg2 Be7 9. Be3 Nc6 10. Qe2 Ne5 11.
h3 Qc7 12. Nd2 Bd7 13. f4 Nc6 14. O-O-O Rc8 15. Kb1 b5 16. Nb3 O-O 17. g5 hxg5 18. fxg5 Nh5 19. Qxh5 Ne5 20. Nd4 Nc4 21. Bc1 Na3+ 22.
bxa3 Qxc3 23. Bb2 Qc4 24. Rd2 b4 25. a4 Bxa4 26. Bf1 Qc5 27. Bd3 g6 28. Qf3 Bb5 29. h4 e5 30. Nb3 Qc6 31. h5 Qc7 32. hxg6 Bxd3 33. Rh8+ Kxh8 34. Qh3+ 1-0

[Event "Early-Titled-Tuesday-Blitz-January-16-2024"]
[Site "Chess.com"]
[Date "2024.01.16"]
[Round "1"]
[White "Dewarfd"]
[Black "hongnhung1234"]
[Result "0-1"]
[WhiteElo "2150"]
[BlackElo "2577"]
[TimeControl "180+1"]
[EndTime "8:06:40 PST"]
[Termination "hongnhung1234 won on time"]

1. c4 f5 2. g3 Nf6 3. Bg2 g6 4.
b3 Bg7 5. Bb2 O-O 6. d3 d6 7. Nf3 e5 8. Nbd2 Nc6 9. O-O h6 10. Nh4 Qe8 11. e3 g5 12. Nhf3 Be6 13.
a3 f4 14. exf4 gxf4 15. b4 Qh5 16. b5 Nd8 17. Nh4 Bg4 18. Bf3 Bxf3 19. Qxf3 Qf7 20. Ne4 Nxe4 21. Qxe4 Rb8 22. d4 Qxc4 23. Rfc1 Qf7 24.
dxe5 fxg3 25. fxg3 Qf2+ 26. Kh1 Qxb2 0-1

[Event "Early-Titled-Tuesday-Blitz-January-16-2024"]
[Site "Chess.com"]
[Date "2024.01.16"]
[Round "1"]
[White "DreamsAreFake"]
[Black "ilya2700"]
[Result "1-0"]
[WhiteElo "2742"]
[BlackElo "2403"]
[TimeControl "180+1"]
[EndTime "8:06:41 PST"]
[Termination "DreamsAreFake won by resignation"]

1. Nf3 Nf6 2. g3 d5 3. Bg2 e6 4. O-O Be7 5. b3 O-O 6. Bb2 Nbd7 7.
e3 b6 8. c4 Bb7 9. d3 c5 10.
Nbd2 Rc8 11. Qe2 Re8 12. e4 d4 13. Ne1 e5 14. f4 Qc7 15. Nc2 Bd6 16. f5 a6 17. h4 h5 18. Bf3 g6 19. Bg2 b5 20. Bh3 bxc4 21. Nxc4 Bc6 22. Rf2 Bb5 23. N2a3 Kg7 24. Raf1 Rf8 25. Bc1 Rb8 26. Qd2 Ng8 27.
fxg6 fxg6 28. Be6 Ndf6 29. Qg5 Rbe8 30. Rxf6 Rxf6 31. Rxf6 Re7 32. Qxg6+ 1-0

[Event "Early-Titled-Tuesday-Blitz-January-16-2024"]
[Site "Chess.com"]
[Date "2024.01.16"]
[Round "1"]
[White "KorolDimitriy75"]
[Black "Goryachkina"]
[Result "1/2-1/2"]
[WhiteElo "2346"]
[BlackElo "2662"]
[TimeControl "180+1"]
[EndTime "8:06:42 PST"]
[Termination "Game drawn by agreement"]

1. d4 Nf6 2. c4 e6 3. Nc3 Bb4 4.
Qc2 d5 5. cxd5 exd5 6. Bg5 h6 7. Bxf6 Qxf6 8. a3 Bxc3+ 9. Qxc3 c6 10. e3 O-O 11. Ne2 Bf5 12. Ng3 Bg6 13. Be2 Nd7 14.
O-O Qd6 15. b4 Nf6 16. Rfc1 h5 17. h3 h4 18. Nf1 Ne4 19. Qb2 Qf6 20. f3 Ng5 21. b5 Bf5 22. bxc6 bxc6 23. Rc3 Qg6 24. Kh2 Rab8 25. Qd2 Rb6 26. Rac1 Rfb8 27. Bd3 Rb2 28.
R1c2 Rxc2 29. Qxc2 Bxd3 30. Rxd3 1/2-1/2

[Event "Early-Titled-Tuesday-Blitz-January-16-2024"]
[Site "Chess.com"]
[Date "2024.01.16"]
[Round "1"]
[White "GMJustin"]
[Black "OriTaichman"]
[Result "0-1"]
[WhiteElo "2324"]
[BlackElo "2660"]
[TimeControl "180+1"]
[EndTime "8:06:42 PST"]
[Termination "OriTaichman won on time"]

1. e4 c5 2. Nf3 Nc6 3. d4 cxd4 4. Nxd4 d5 5. exd5 Qxd5 6. Be3 e6 7. Nc3 Bb4 8. Nb5 Qe5 9. a3 Be7 10. Qd2 a6 11. Nd4 Bd7 12. O-O-O Nf6 13. Bf4 Qxd4 14.
Qxd4 Nxd4 15. Rxd4 Bc6 16. f3 Bc5 17. Rd1 Nh5 18.
Bd6 Bxd6 19. Rxd6 Ke7 20. Rd2 Rhd8 21. Bc4 Rxd2 22. Kxd2 Nf4 23. g3 Ng6 24. Rf1 Rd8+ 25. Ke3 e5 26. Rd1 Rxd1 27. Nxd1 f5 28. f4 Kf6 29. Nc3 Ne7 30. a4 a5 31. Bb5 Nd5+ 32. Nxd5+ Bxd5 33. c3 b6 34. b4 g5 0-1

[Event "Early-Titled-Tuesday-Blitz-January-16-2024"]
[Site "Chess.com"]
[Date "2024.01.16"]
[Round "1"]
[White "kidagent"]
[Black "TheNextLevelFan"]
[Result "1/2-1/2"]
[WhiteElo "2253"]
[BlackElo "2599"]
[TimeControl "180+1"]
[EndTime "8:06:42 PST"]
[Termination "Game drawn by repetition"]

1. c4 e6 2. g3 d5 3. Bg2 c6 4. Nf3 Nf6 5. O-O dxc4 6. Na3 Bxa3 7. bxa3 O-O 8. Qc2 b6 9. Ne5 Bb7 10. Nxc4 Qe7 11. Bb2 Nbd7 12. d3 Rab8 13. Rfc1 c5 14. a4 Bxg2 15. Kxg2 Nd5 16. Rab1 Rfc8 17. Ba3 Nb4 18.
Qd2 a5 19. d4 Rd8 20. Bxb4 cxb4 21.
e3 Nc5 22. Qc2 Qb7+ 23. f3 Nd7 24. a3 bxa3 25. Nxa5 Qa6 26. Nc6 Nf6 27. Nxd8 Rxd8 28. Qc4 Qa5 29. Rc2 Nd5 30. Kf2 h5 31. e4 Nf6 32. Qb5 Qxb5 33. Rxb5 Rxd4 34. Rxb6 Rxa4 35. Ra2 g5 36. Rb3 g4 37. Raxa3 Rc4 38. Rc3 Rb4 39. Rab3 Ra4 40. Ra3 Rb4 41. Rcb3 Rc4 42. Rc3 Rb4 1/2-1/2

[Event "Early-Titled-Tuesday-Blitz-January-16-2024"]
[Site "Chess.com"]
[Date "2024.01.16"]
[Round "1"]
[White "crazy_but_lazy"]
[Black "remyrushbrooke"]
[Result "1-0"]
[WhiteElo "2592"]
[BlackElo "2207"]
[TimeControl "180+1"]
[EndTime "8:06:42 PST"]
[Termination "crazy_but_lazy won by resignation"]

1. c4 f5 2. d4 Nf6 3. Nc3 e6 4. Bf4 Be7 5. e3 O-O 6. Bd3 d6 7. Nf3 Nc6 8. h3 Qe8 9. g4 Bd8 10. gxf5 e5 11. dxe5 dxe5 12. Bg5 e4 13. Bxf6 exd3 14.
Bd4 Bxf5 15. Rg1 Bf6 16. Bxf6 Rxf6 17. Nd5 Rf7 18. Nh4 Be4 19. Qg4 Ne5 20. Nf6+ Kh8 21. Nxe8 d2+ 22. Kxd2 Rd8+ 23. Kc3 Rd3+ 24. Kb4 Nc6+ 25.
Ka4 1-0

[Event "Early-Titled-Tuesday-Blitz-January-16-2024"]
[Site "Chess.com"]
[Date "2024.01.16"]
[Round "1"]
[White "UnTucopalaTimba"]
[Black "FREDERICKtheMATE"]
[Result "0-1"]
[WhiteElo "2016"]
[BlackElo "2560"]
[TimeControl "180+1"]
[EndTime "8:06:42 PST"]
[Termination "FREDERICKtheMATE won by resignation"]

1. e4 c5 2. Nf3 Nc6 3. d4 cxd4 4. Nxd4 Nf6 5. Nc3 e5 6. Ndb5 d6 7. Bg5 a6 8. Na3 b5 9. Nd5 Be7 10. Bxf6 Bxf6 11. c3 O-O 12. Be2 Rb8 13. Nc2 Bg5 14. a4 bxa4 15. Rxa4 Rxb2 16. O-O a5 17. Nce3 Rb8 18. Nc4 g6 19. Bg4 f5 20. exf5 gxf5 21. Bh3 Be6 22. Nde3 d5 23. Nd2 Qb6 24. Re1 Ne7 25.
Qh5 Bxe3 26. fxe3 Ng6 27. Nf3 Rbe8 28. Ng5 Re7 29. Kh1 Bd7 30. Raa1 a4 31. c4 dxc4 32.
Qe2 Qc5 33. Qc2 e4 34. Rac1 h6 35. Nxe4 Rxe4 0-1

[Event "Early-Titled-Tuesday-Blitz-January-16-2024"]
[Site "Chess.com"]
[Date "2024.01.16"]
[Round "1"]
[White "AmanteDeMoi"]
[Black "GMT4114"]
[Result "1-0"]
[WhiteElo "2557"]
[BlackElo "1979"]
[TimeControl "180+1"]
[EndTime "8:06:42 PST"]
[Termination "AmanteDeMoi won by resignation"]

1. Nf3 f5 2. e4 fxe4 3. Ng5 Nc6 4. d3 e3 5. Bxe3 e5 6. Be2 Be7 7. Bh5+ g6 8. Nxh7 Kf7 9. Qf3+ Kg7 10. Bxg6 Kxg6 11.
Qe4+ Kg7 12. Ng5 Bxg5 13. Qg4 d5 14. Qg3 Kf7 15. Bxg5 Qe8 16. Nc3 Be6 17. f4 e4 18.
dxe4 d4 19. Nb5 Qd7 20. O-O-O Nf6 21. Bxf6 Kxf6 22. Qg5+ Kf7 23. f5 Bxa2 24. Qg6+ Kf8 25. Nxd4 Bf7 26. Qf6 Qe7 27. Qxh8+ Bg8 28. Ne6+ Kf7 29.
Qg7+ Ke8 30. Qxg8+ 1-0

[Event "Early-Titled-Tuesday-Blitz-January-16-2024"]
[Site "Chess.com"]
[Date "2024.01.16"]
[Round "1"]
[White "PepeCuenca"]
[Black "alekroth65"]
[Result "1-0"]
[WhiteElo "2689"]
[BlackElo "2366"]
[TimeControl "180+1"]
[EndTime "8:06:43 PST"]
[Termination "PepeCuenca won by resignation"]

1. d4 d6 2. Nf3 Nf6 3. c4 g6 4. Nc3 Bg7 5. e4 O-O 6. Be2 e5 7. d5 a5 8. Bg5 h6 9. Be3 Na6 10. Nd2 Nc5 11. g4 Nh7 12. Qc2 f5 13. gxf5 gxf5 14. Bxc5 dxc5 15. exf5 Bxf5 16. Bd3 Bxd3 17.
Qxd3 Qh4 18. Nce4 Rf4 19. O-O-O Raf8 20. Rhg1 Ng5 21. Rde1 Nf3 22. Nxf3 Rxf3 23. Qe2 Qxh2 24. Ref1 Qf4+ 25. Kb1 Qf5 26. Ka1 Rf4 27. Ng3 Qf7 28. Nh5 Kh8 29. Rxg7 Qf5 30. Nxf4 1-0

[Event "Early-Titled-Tuesday-Blitz-January-16-2024"]
[Site "Chess.com"]
[Date "2024.01.16"]
[Round "1"]
[White "cristianserban1"]
[Black "C_K_G"]
[Result "0-1"]
[WhiteElo "2546"]
[BlackElo "2045"]
[TimeControl "180+1"]
[EndTime "8:06:43 PST"]
[Termination "C_K_G won by resignation"]

1. Nf3 d5 2. b3 e6 3. Bb2 Nf6 4. e3 c5 5. c4 Nc6 6. cxd5 exd5 7. Bb5 Bd7 8. O-O Bd6 9. d4 cxd4 10. Nxd4 O-O 11.
Be2 Re8 12. Nd2 Rc8 13. N2f3 a6 14. Nxc6 Bxc6 15. Nd4 Bd7 16. Bf3 Ne4 17. Rc1 Qh4 18. g3 Qh6 19. Rxc8 Bxc8 20. Ne2 Bh3 21. Bg2 Ng5 22.
Qxd5 Bxg2 23. Kxg2 Qh3+ 24. Kg1 Qh5 25. Qg2 Qxe2 26. f4 Qxe3+ 27. Kh1 Ne4 28. Bc1 Qd3 29.
Re1 f5 30. Be3 Nf6 31. Qf3 Ng4 32. Bd2 Qxf3+ 0-1

[Event "Early-Titled-Tuesday-Blitz-January-16-2024"]
[Site "Chess.com"]
[Date "2024.01.16"]
[Round "1"]
[White "hmatyi07"]
[Black "slorovel"]
[Result "0-1"]
[WhiteElo "2188"]
[BlackElo "2584"]
[TimeControl "180+1"]
[EndTime "8:06:45 PST"]
[Termination "slorovel won by checkmate"]

1. e4 e6 2. d3 d5 3. Nd2 Nc6 4. g3 Nf6 5. Bg2 dxe4 6. dxe4 e5 7. Ngf3 Bc5 8. O-O O-O 9. c3 a5 10. Qc2 b6 11. Rd1 Qe7 12. Nf1 Be6 13. Be3 h6 14.
Rd2 a4 15. Bxc5 Qxc5 16. Ne3 Ne7 17. Nh4 Ra7 18. Nhf5 Nxf5 19. Nxf5 Bxf5 20. exf5 b5 21. Rad1 Re8 22. Qd3 Ra6 23. Qe3 Qf8 24. Qd3 e4 25. Qxb5 Rb6 26. Qxa4 e3 27. fxe3 Qc5 28. Qd4 Qxf5 29. e4 Qg5 30. c4 Rd6 31. Qc3 Qc5+ 32. Kh1 Nxe4 33. Bxe4 Rxe4 34. Rxd6 cxd6 35. Qd3 Re6 36.
Qd5 Qf2 37. c5 Re2 38. Qh5 Qg2# 0-1

[Event "Early-Titled-Tuesday-Blitz-January-16-2024"]
[Site "Chess.com"]
[Date "2024.01.16"]
[Round "1"]
[White "Marcin"]
[Black "Volodar_Murzin"]
[Result "0-1"]
[WhiteElo "2496"]
[BlackElo "2927"]
[TimeControl "180+1"]
[EndTime "8:06:48 PST"]
[Termination "Volodar_Murzin won on time"]

1. Nf3 Nf6 2. c4 g6 3. Nc3 Bg7 4. e4 O-O 5. d4 d6 6. Be2 Nbd7 7. O-O e5 8. h3 Re8 9. d5 Nc5 10.
Qc2 a5 11. Be3 Nh5 12. Rfe1 Nf4 13. Bf1 Bd7 14. b3 Qf6 15. Nd2 h5 16. a3 Na6 17.
Nb5 g5 18. Kh2 g4 19. g3 Nxh3 20. Bxh3 gxh3 21. Rg1 Qg6 22. Nc3 b6 23. Raf1 Nc5 24.
b4 Na6 25. bxa5 bxa5 26. f4 exf4 27. gxf4 Bg4 28. f5 Qf6 29. Nb5 Qb2 30. Qd3 Nc5 31. Bxc5 dxc5 32. Nxc7 Be5+ 33. Kh1 Bxc7 34. Qxh3 Qxd2 35.
f6 Rxe4 36. Rf5 Qh6 37. Qh4 Kf8 38. Rg5 Bf3+ 39. R1g2 Rxh4+ 40. Kg1 Bxg2 0-1

[Event "Early-Titled-Tuesday-Blitz-January-16-2024"]
[Site "Chess.com"]
[Date "2024.01.16"]
[Round "1"]
[White "Caisachess"]
[Black "MightyGMpretender"]
[Result "0-1"]
[WhiteElo "2453"]
[BlackElo "2836"]
[TimeControl "180+1"]
[EndTime "8:06:48 PST"]
[Termination "MightyGMpretender won by resignation"]

1. e4 g6 2. d4 Bg7 3. Nc3 a6 4. a4 d6 5. Nf3 Nf6 6. h3 O-O 7. Bc4 Nxe4 8. Nxe4 d5 9. Bd3 dxe4 10. Bxe4 Nd7 11. O-O c5 12. Be3 Qc7 13. Qe2 Nf6 14.
Bd3 Nd5 15. c4 Nxe3 16. fxe3 Bd7 17. b3 Qb6 18. Bc2 cxd4 19. exd4 Bxd4+ 20. Nxd4 Qxd4+ 21. Kh1 Be6 22. Rad1 Qc5 23. Be4 Rab8 24. Bd5 Bxd5 25.
Rxd5 Qb4 26. Qf3 b5 27. axb5 axb5 28. c5 Rbc8 29. Rc1 e6 30. Re5 Qd4 31. Qe2 Rfd8 32. c6 Rd5 33. Re4 Qb6 34. Rxe6 Rdd8 35. c7 Qxe6 36.
cxd8=Q+ Rxd8 37. Qxb5 h5 38. b4 Rd2 39. Qb8+ Kh7 40.
Qf4 Qd5 41. Qg3 Rd3 42. Qf2 Rxh3+ 43. Kg1 Rd3 44. b5 Rd2 45. Qg3 Qxb5 46. Rc7 Qd5 47. Re7 Qc5+ 0-1

[Event "Early-Titled-Tuesday-Blitz-January-16-2024"]
[Site "Chess.com"]
[Date "2024.01.16"]
[Round "1"]
[White "maurovargas01"]
[Black "Grossboss19"]
[Result "0-1"]
[WhiteElo "1856"]
[BlackElo "2550"]
[TimeControl "180+1"]
[EndTime "8:06:49 PST"]
[Termination "Grossboss19 won on time"]

1. e4 c5 2. Nc3 g6 3. f4 Bg7 4.
Nf3 Nc6 5. Bb5 Nd4 6. Nxd4 cxd4 7. Ne2 a6 8. Bc4 e6 9. a4 Ne7 10. d3 d5 11. Bb3 O-O 12. e5 Nc6 13. O-O f6 14. exf6 Bxf6 15. Qe1 Bd7 16. Bd2 Rc8 17. g4 Bh4 18. Ng3 Qe7 19. Qe2 Nb4 20. Rac1 a5 21. Qe5 Bf6 22. Qe1 Qd6 23. f5 gxf5 24. gxf5 Be5 25.
fxe6 Bxe6 26. Bh6 Rxf1+ 27. Qxf1 Bxg3 28. Qg2 Kh8 29. hxg3 Rg8 30. Bf4 Qe7 31. Be5+ Rg7 32.
Bxg7+ Kxg7 33. Re1 Qf6 0-1

[Event "Early-Titled-Tuesday-Blitz-January-16-2024"]
[Site "Chess.com"]
[Date "2024.01.16"]
[Round "1"]
[White "vugarrasulov"]
[Black "Journey_to_GrandMaster_YT"]
[Result "1-0"]
[WhiteElo "2964"]
[BlackElo "2510"]
[TimeControl "180+1"]
[EndTime "8:06:50 PST"]
[Termination "vugarrasulov won on time"]

1. e4 d6 2. d4 Nf6 3. Nc3 e5 4. Nf3 Nbd7 5. g3 c6 6. Bg2 b5 7.
O-O Be7 8. Nh4 exd4 9. Qxd4 Ne5 10. Nf5 Bxf5 11. exf5 Rc8 12. Bf4 Qb6 13. Bxe5 dxe5 14. Qxe5 Qc7 15. Rfe1 Qxe5 16. Rxe5 Kd7 17. Rd1+ Bd6 18.
a4 a6 19. Re2 Rhd8 20. Ne4 Nxe4 21. Bxe4 Kc7 22. Kg2 f6 23. Bd3 Be5 24. b3 Rd7 25. f4 Bc3 26. Re6 Rd6 27. Kf3 Rcd8 28. g4 R8d7 29.
h4 h6 30. g5 fxg5 31. hxg5 hxg5 32. Rxd6 Rxd6 33. fxg5 Kd7 34. axb5 axb5 35. Rh1 Bd2 36. Rh5 Kc7 37. Rh7 Rd7 38. Kg4 Kd6 39. Kh5 Ke5 40. Rh8 Rc7 41. Re8+ Kf4 42. f6 gxf6 43. gxf6 Bc3 44.
Kg6 c5 45. f7 Rc6+ 46. Kh7 Rc7 47. Kg8 1-0

[Event "Early-Titled-Tuesday-Blitz-January-16-2024"]
[Site "Chess.com"]
[Date "2024.01.16"]
[Round "1"]
[White "Alenzer"]
[Black "Kotlyar_K"]
[Result "0-1"]
[WhiteElo "2114"]
[BlackElo "2571"]
[TimeControl "180+1"]
[EndTime "8:06:50 PST"]
[Termination "Kotlyar_K won on time"]

1. e4 e5 2. Nf3 Nc6 3. Bb5 a6 4. Ba4 Nf6 5. O-O Be7 6. d4 Nxe4 7. dxe5 Nc5 8. Bxc6 bxc6 9. Nc3 O-O 10. Re1 d5 11. Bf4 Ne6 12. Bg3 Rb8 13. Rb1 Bb7 14. Ne2 c5 15.
Nf4 d4 16. c3 dxc3 17. bxc3 Nxf4 18. Bxf4 Bc6 19. Qe2 Rxb1 20. Rxb1 Qa8 21. e6 f6 22. Bxc7 Bb5 23. c4 Bc6 24. Rd1 Qb7 25. Bd6 Re8 26. h3 Bxd6 27. Rxd6 Qb1+ 28. Kh2 Qb8 29. Qd2 Rxe6 30.
Qf4 Qxd6 0-1

[Event "Early-Titled-Tuesday-Blitz-January-16-2024"]
[Site "Chess.com"]
[Date "2024.01.16"]
[Round "1"]
[White "Niilo1"]
[Black "Alexei_Gubajdullin"]
[Result "0-1"]
[WhiteElo "2281"]
[BlackElo "2624"]
[TimeControl "180+1"]
[EndTime "8:06:52 PST"]
[Termination "Alexei_Gubajdullin won by resignation"]

1. e4 e5 2. Nf3 Nf6 3. Nc3 Bb4 4.
Nxe5 O-O 5. Be2 Re8 6. Nd3 Bxc3 7. dxc3 Nxe4 8. O-O b6 9. Bf3 Bb7 10. Nf4 d6 11. c4 Nd7 12. Re1 Ndf6 13. Nd5 Qc8 14.
Qd4 Bxd5 15. cxd5 Qf5 16. c4 a5 17. b3 Ng5 18. Be2 Re4 19. Qd3 Rae8 20. Be3 Ng4 21. f3 Qe5 22. fxe4 Qxh2+ 23. Kf1 Qh1+ 24. Bg1 Nh2+ 25. Kf2 Nxe4+ 26. Ke3 Nc5+ 27. Kd2 Nxd3 28. Bxd3 Qxg2+ 29. Kc3 Rxe1 30. Rxe1 Kf8 31. Bd4 Nf3 32. Re2 Qg4 33. Be3 h5 0-1

[Event "Early-Titled-Tuesday-Blitz-January-16-2024"]
[Site "Chess.com"]
[Date "2024.01.16"]
[Round "1"]
[White "profedechess93"]
[Black "missponyo10"]
[Result "1-0"]
[WhiteElo "2608"]
[BlackElo "2246"]
[TimeControl "180+1"]
[EndTime "8:06:53 PST"]
[Termination "profedechess93 won by resignation"]

1. e4 c5 2. Nf3 e6 3. d4 cxd4 4. Nxd4 Nc6 5. Nc3 Qc7 6. Ndb5 Qb8 7. Be3 a6 8. Bb6 axb5 9. Nxb5 Bb4+ 10. c3 Ba5 11.
Nc7+ Qxc7 12. Bxc7 Bxc7 13. Qg4 Kf8 14. Bb5 Nf6 15.
Qh4 d5 16. exd5 Nxd5 17. a4 Bd8 18. Qg3 Be7 19. O-O h5 20. Rfd1 h4 21. Qf3 Ne5 22. Qe4 Ng6 23. a5 Rh5 24. Be2 Re5 25. Qc4 Ngf4 26. Bf3 Bd7 27. a6 bxa6 28. Rxa6 Rc8 29. Qa2 Ne2+ 30. Kh1 Nef4 31. Ra8 Re8 32. Qa7 Bc6 33. Rxe8+ Bxe8 34. Qb8 f6 35. c4 Nb4 36.
g3 hxg3 37. hxg3 Ng6 38. Ra1 1-0

[Event "Early-Titled-Tuesday-Blitz-January-16-2024"]
[Site "Chess.com"]
[Date "2024.01.16"]
[Round "1"]
[White "DarZay"]
[Black "KhungThep"]
[Result "1-0"]
[WhiteElo "2251"]
[BlackElo "2586"]
[TimeControl "180+1"]
[EndTime "8:06:53 PST"]
[Termination "DarZay won by checkmate"]

1. e4 g6 2. d4 Bg7 3. f4 d5 4. e5 c5 5. c3 cxd4 6. cxd4 f6 7. Nf3 Nc6 8. Nc3 fxe5 9. Nxe5 Nxe5 10. fxe5 e6 11.
Bb5+ Bd7 12. O-O Ne7 13. Bg5 a6 14. Bxd7+ Qxd7 15. Bxe7 Qxe7 16. Qa4+ Kd8 17. Qa5+ Ke8 18. Na4 Rf8 19. Nc5 Rc8 20. Qb6 Rxf1+ 21. Rxf1 Bxe5 22.
Nxe6 Rc6 23. Rf8+ Qxf8 24. Qd8+ Kf7 25. Qxf8+ Kxe6 26. dxe5 Rc1+ 27. Kf2 Kxe5 28. Qe7+ Kf5 29. Qxb7 Rc2+ 30. Ke3 Ke5 31. Qe7+ Kf5 32. h3 Rxg2 33. Qxh7 Rxb2 34. Qd7+ Kf6 35. Qxd5 Rb5 36. Qd6+ Kg5 37. Qxa6 Rb1 38. Qa5+ Kh4 39. Kf2 Rb2+ 40. Kf3 Kxh3 41. Qc3 Rg2 42. Qh8# 1-0

[Event "Early-Titled-Tuesday-Blitz-January-16-2024"]
[Site "Chess.com"]
[Date "2024.01.16"]
[Round "1"]
[White "ilqar_74"]
[Black "Quattroporte300"]
[Result "1/2-1/2"]
[WhiteElo "2821"]
[BlackElo "2459"]
[TimeControl "180+1"]
[EndTime "8:06:55 PST"]
[Termination "Game drawn by repetition"]

1. e4 c5 2. Nf3 e6 3. c3 d5 4.
e5 d4 5. d3 Nc6 6. g3 Nge7 7. Qe2 g6 8. Bg2 Bg7 9. O-O O-O 10. Re1 Qc7 11. Nbd2 Rd8 12. c4 a6 13.
h4 b5 14. h5 Bb7 15. b3 Rd7 16. Ba3 b4 17. Bb2 a5 18. hxg6 Nxg6 19. a4 Ncxe5 20.
Nxe5 Nxe5 21. Nf3 Nxf3+ 22. Bxf3 Bxf3 23. Qxf3 Qb7 24. Qxb7 Rxb7 25. Bc1 e5 26. Bd2 Re8 27. g4 h5 28. gxh5 f5 29. f3 Bf6 30. Re2 Rh7 31.
h6 Kf7 32. Rae1 Rg8+ 33. Rg2 f4 34. Rxg8 Kxg8 35. Kg2 Rxh6 36. Rg1 Kf7 37. Be1 Bh4 38. Bd2 Bg3 39. Rh1 Rxh1 40. Kxh1 Bf2 41. Kg2 Bh4 42.
Kh3 Be7 43. Kg4 Kg6 44. Be1 Bf6 45. Bf2 Be7 46. Bg1 Bf6 47. Bf2 Be7 48. Bg1 Bf6 49. Bh2 Be7 50. Bg1 1/2-1/2